 Dungeon Crawl Stone Soup version 0.22-a0-42-g002c468 (webtiles) character file.

142 KristoblXynda the Charmwright (level 5, -2/25 HPs)
             Began as a Spriggan Skald on Jan 5, 2018.
             Slain by Duvessa
             ... wielding a +0 rapier
              (13 damage)
             ... on level 4 of the Dungeon.
             The game lasted 00:04:41 (2535 turns).

KristoblXynda the Charmwright (Spriggan Skald)      Turns: 2535, Time: 00:04:41

Health: -2/25      AC:  2    Str:  8    XL:     5   Next: 3%
Magic:  1/11       EV: 26    Int: 19    God:
Gold:   70         SH:  0    Dex: 21    Spells: 4/11 levels left

rFire    . . .     SeeInvis +   f - +0 dagger
rCold    . . .     Gourm    .   (shield restricted)
rNeg     . . .     Faith    .   b - +0 robe
rPois    .         Spirit   .   (helmet restricted)
rElec    .         Reflect  .   (no cloak)
rCorr    .         Harm     .   (gloves unavailable)
MR       .....                  (boots unavailable)
Stlth    +++.......             (no amulet)
HPRegen  1.08/turn              (no ring)
MPRegen  0.12/turn              (no ring)

@: brilliant, agile, infused, very slightly contaminated, regenerating, very
quick
A: very small, unfitting armour, see invisible, herbivore, speed 3, slow
metabolism 2
a: no special abilities


You were on level 4 of the Dungeon.
You were not hungry.

You visited 1 branch of the dungeon, and saw 3 of its levels.

You collected 70 gold pieces.

Inventory:

Hand Weapons
 f - a +0 dagger (weapon)
Armour
 b - a +0 robe (worn)
Scrolls
 i - a scroll of immolation {unknown}
 l - a scroll of enchant weapon {unknown}
 m - a scroll of remove curse {unknown}
 n - a scroll of amnesia {unknown}
Potions
 a - a potion of agility
 h - a potion of haste {unknown}
 k - a potion of cancellation {unknown}
Books
 c - a book of Battle

   Spells                             Type                      Level
   a - Infusion                       Charms                       1
   b - Shroud of Golubria             Charms/Translocation         2
   c - Song of Slaying                Charms                       2
   d - Spectral Weapon                Hexes/Charms                 3
   e - Regeneration                   Charms/Necromancy            3
Comestibles
 d - 3 rations


   Skills:
 - Level 1.5 Fighting
 + Level 3.3 Short Blades
 - Level 5.0 Dodging
 + Level 0.0 Stealth
 + Level 3.9 Spellcasting
 + Level 5.6 Charms


You had 4 spell levels left.
You knew the following spells:

 Your Spells              Type           Power        Failure   Level  Hunger
a - Infusion              Chrm           ####         1%          1    None
b - Regeneration          Chrm/Necr      ####......   1%          3    ###....
c - Spectral Weapon       Hex/Chrm       ####....     1%          3    ###....


Dungeon Overview and Level Annotations

Branches:
Dungeon (2/15)

Altars:
Elyvilon
The Shining One

Annotations:
D:4 Duvessa


Innate Abilities, Weirdness & Mutations

You are very small and have problems with some larger weapons.
You are too small for most types of armour.
You have supernaturally acute eyesight. (SInv)
You are a herbivore.
You cover ground extremely quickly.
You need consume almost no food.


Message History

You closely miss Duvessa.
Duvessa is lightly wounded.
Duvessa closely misses you.
You hit Duvessa.
Duvessa is lightly wounded.
Duvessa hits you with a rapier!
You hit Duvessa but do no damage.
Duvessa is lightly wounded.
Duvessa hits you with a rapier.
Casting: Regeneration
Confirm with . or Enter, or press ? or * to list all spells.
Your skin crawls.
You barely miss Duvessa.
Duvessa is lightly wounded.
Duvessa hits you but does no damage.
You barely miss Duvessa.
Duvessa is lightly wounded.
Duvessa hits you with a rapier!
Ouch! That really hurt!
You die...

#...?# #....# #....#
#.. #####....# #..
#........##.####.#
#.####.)........>. #.#
#.#.#..####.### #.#
#e#... <...... #.#
#@#########.###### #.#
#.................
#.##############.######
#......................
################.######
#... #####


You could see Duvessa.

Vanquished Creatures
  Dowan (D:4)
  Terence (D:2)
  An adder (D:4)
  A worm (D:2)
  2 dart slugs (D:1)
  A leopard gecko (D:2)
  3 giant cockroaches (D:1)
  4 hobgoblins
  9 jackals
  2 quokkas (D:2)
  A bat (D:1)
  3 frilled lizards
  8 goblins
  8 kobolds
  9 rats
54 creatures vanquished.

Notes
Turn   | Place    | Note
-------+----------+-------------------------------------------
     0 | D:1      | KristoblXynda the Spriggan Skald began the quest for the Orb.
     0 | D:1      | Reached XP level 1. HP: 10/10 MP: 5/5
     2 | D:1      | Noticed a draconian
     2 | D:1      | Noticed a ghoul
     4 | D:1      | Noticed a spriggan
     4 | D:1      | Noticed a merfolk
     6 | D:1      | Noticed a human
     8 | D:1      | Noticed a troll
     8 | D:1      | Noticed a naga
    10 | D:1      | Noticed a halfling
    12 | D:1      | Noticed a tengu
    12 | D:1      | Noticed a felid
    14 | D:1      | Noticed a gargoyle
    16 | D:1      | Noticed a demigod
    16 | D:1      | Noticed a vine stalker
    18 | D:1      | Noticed a centaur
    20 | D:1      | Noticed an octopode
    20 | D:1      | Noticed an ogre
    22 | D:1      | Noticed a minotaur
    22 | D:1      | Noticed an elf
    24 | D:1      | Noticed a dwarf
    24 | D:1      | Noticed a demonspawn
    26 | D:1      | Noticed a vampire
    26 | D:1      | Noticed a formicid
   344 | D:1      | Reached XP level 2. HP: 11/14 MP: 1/7
   799 | D:1      | Reached XP level 3. HP: 18/18 MP: 8/8
   804 | D:1      | Learned a level 3 spell: Regeneration
   808 | D:1      | Learned a level 3 spell: Spectral Weapon
  1201 | D:1      | Reached skill level 5 in Charms
  1362 | D:2      | Found a glowing golden altar of the Shining One.
  1464 | D:2      | Found a white marble altar of Elyvilon.
  1593 | D:2      | Noticed Terence
  1614 | D:2      | Killed Terence
  1614 | D:2      | Reached XP level 4. HP: 9/22 MP: 3/10
  2372 | D:2      | You fall through a shaft for 2 floors!
  2451 | D:4      | Noticed Dowan
  2460 | D:4      | Killed Dowan
  2460 | D:4      | Reached skill level 5 in Dodging
  2460 | D:4      | Reached XP level 5. HP: 25/25 MP: 7/11
  2461 | D:4      | Noticed Duvessa
  2535 | D:4      | Slain by Duvessa

Vault maps used:
D:1:      kb_arrival_jail, corexii_hall_statues_x, kennysheep_pointless_box,
          minmay_misc_feat_alley, minivault_25
D:2:      mumra_celtic_spiral_tile, lemuel_coloured_pillars_altar,
          nicolae_overflow_crystal_walls, first_ration, tso_metal_star,
          uniq_terence
D:4:      led_sif_book, grunt_qazlal_sundering, minmay_temple_entry_fiery,
          kennysheep_decorative_pillar, uniq_duvessa, uniq_blork_the_orc

Skill      XL: |  1  2  3  4 |
---------------+-------------+-----
Spellcasting   | 3 |  3.9
Dodging        | 4 5 |  5.0
Charms         | 5 |  5.6
Short Blades   | 3 |  3.3
Fighting       | |  1.5

Action                   |  1- 3 |  4- 6 || total
-------------------------+-------+-------++-------
Melee: Short sword       |    54 |       ||    54
       Dagger            |   129 |    71 ||   200
 Cast: Infusion          |    10 |     5 ||    15
       Regeneration      |       |     2 ||     2
  Use: Scroll            |       |     1 ||     1
       Potion            |       |     3 ||     3
 Stab: Sleeping          |     4 |     3 ||     7
Armor: Robe              |    15 |     4 ||    19
Dodge: Dodged            |   148 |    37 ||   185

Table legend:
 A = Spawn XP
 B = Non-spawn XP
 C = Spawn XP percentage of total XP
 D = Spawn monster count
 E = Non-spawn monster count
 F = Spawn count percentage of total count
 G = Total turns spent on level
                    A         B        C        D         E        F      G
               +---------+---------+-------+---------+---------+-------+---------
         Total |       0 |     203 |   0.0 |       0 |      54 |   0.0 |  2535
               +---------+---------+-------+---------+---------+-------+---------
           D:1 |       0 |      58 |   0.0 |       0 |      34 |   0.0 |  1355
           D:2 |       0 |      69 |   0.0 |       0 |      18 |   0.0 |  1017
           D:4 |       0 |      76 |   0.0 |       0 |       2 |   0.0 |   163
               +---------+---------+-------+---------+---------+-------+---------
